 Dungeon Crawl Stone Soup version 0.25.0-26-g0c896c7088 (webtiles) character file.

Game seed: 10582936314854167107

9513 protoss039 the Thaumaturge (level 11, -3/54 HPs)
             Began as a Deep Elf Air Elementalist on July 2, 2020.
             Was an Elder of Kikubaaqudgha.
             Slain by a killer bee (12 damage)
             ... on level 10 of the Dungeon.
             The game lasted 00:49:11 (14634 turns).

protoss039 the Thaumaturge (DEAE)                  Turns: 14634, Time: 00:49:11

Health: -3/54      AC: 10    Str: 13    XL:     11   Next: 24%
Magic:  4/31       EV: 13    Int: 31    God:    Kikubaaqudgha [****..]
Gold:   1113       SH:  0    Dex: 15    Spells: 19/39 levels left

rFire    + . .     SeeInvis .   B - +8 mace "Joenk" {drain, Str+5 Int+2}
rCold    x . .     Gourm    .   (no shield)
rNeg     . . .     Faith    .   L - +0 steam dragon scales
rPois    +         Spirit   .   C - +2 helmet
rElec    .         Reflect  .   w - +0 cloak
rCorr    .         Harm     .   (no gloves)
MR       .....                  l - +0 pair of boots
Stlth    ++........             h - amulet of regeneration
HPRegen  0.58/turn              x - +4 ring of slaying
MPRegen  0.22/turn              J - ring of Catezel {Fire rPois MR- Str+3 Int+5}

@: swift, very slightly contaminated, invisible, very quick
A: no striking features
a: Receive Corpses, Renounce Religion


You were on level 10 of the Dungeon.
You worshipped Kikubaaqudgha.
Kikubaaqudgha was greatly pleased with you.
You were not hungry.

You visited 1 branch of the dungeon, and saw 10 of its levels.

You collected 1113 gold pieces.

Inventory:

Hand Weapons
 r - the +3 war axe "Pivof" {pain, Int+4}
   (You found it on level 8 of the Dungeon)

   In the hands of one skilled in necromantic magic, it inflicts extra damage on
   living creatures.
   It affects your intelligence (+4).
 B - the +8 mace "Joenk" (weapon) {drain, Str+5 Int+2}
   (You found it on level 8 of the Dungeon)

   A truly terrible weapon, it drains the life of those it strikes.
   It affects your strength (+5).
   It affects your intelligence (+2).
 I - a +6 long sword
Armour
 j - a +2 robe of magic resistance
 l - a +0 pair of boots (worn)
 w - a +0 cloak (worn)
 C - a +2 helmet (worn)
 H - the +4 scale mail "Zugg" {Str+5, unknown}
   (You found it on level 8 of the Dungeon)

   It affects your strength (+5).
 L - +0 steam dragon scales (worn)
Jewellery
 a - an uncursed ring of poison resistance {unknown}
 h - an amulet of regeneration (around neck)
 x - a +4 ring of slaying (left hand)
 D - the ring of Celuamurgh {rF+ Dex+2}
   (You took it off a wight on level 6 of the Dungeon)

   [ring of protection from fire]

   It affects your dexterity (+2).
   It protects you from fire.
 J - the ring of Catezel (right hand) {Fire rPois MR- Str+3 Int+5}
   (You found it on level 8 of the Dungeon)

   [ring of fire]

   It enhances your fire magic.
   It affects your strength (+3).
   It affects your intelligence (+5).
   It protects you from fire.
   It makes you vulnerable to cold.
   It protects you from poison.
   It affects your resistance to hostile enchantments.
Wands
 e - a wand of digging (8)
 N - a wand of iceblast (12)
Scrolls
 b - 4 scrolls of magic mapping
 g - a scroll of silence {unknown}
 i - 2 scrolls of fog {unknown}
 k - a scroll of enchant armour {unknown}
 m - 2 scrolls of enchant weapon {unknown}
 o - 3 scrolls of blinking {unknown}
 s - 2 scrolls of random uselessness {unknown}
 t - 9 scrolls of remove curse
 u - 2 scrolls of teleportation {unknown}
 v - 3 scrolls of amnesia {unknown}
 y - a scroll of summoning {unknown}
 z - a scroll of immolation {unknown}
 E - a scroll of noise {unknown}
 M - a scroll of acquirement {unknown}
Potions
 d - a potion of heal wounds
 f - 3 potions of curing
 n - a potion of invisibility
 p - a potion of brilliance
 q - a potion of experience {unknown}
 A - a potion of flight {unknown}
 F - 3 potions of mutation {unknown}
 G - a potion of magic {unknown}
Comestibles
 c - 14 rations
 K - 6 chunks of flesh


   Skills:
 - Level 2.4 Dodging
 - Level 2.4 Stealth
 * Level 14.7 Spellcasting
 * Level 5.9 Conjurations
 + Level 1.6 Charms
 * Level 4.1 Necromancy
 * Level 11.7 Air Magic


You had 19 spell levels left.
You knew the following spells:

 Your Spells              Type           Power        Failure   Level  Hunger
a - Shock                 Conj/Air       ####         1%          1    None
b - Swiftness             Chrm/Air       ######..     1%          2    None
c - Static Discharge      Conj/Air       ######..     1%          3    None
d - Airstrike             Air            #######...   1%          4    None
e - Lightning Bolt        Conj/Air       ######....   1%          5    None
f - Sublimation of Blood  Necr           #####.....   1%          2    None
g - Vampiric Draining     Necr           #####.....   1%          3    None

Your spell library contained the following spells:

 Spells                   Type           Power        Failure   Level  Hunger
 Pain                     Necr           ####         1%          1    None
 Corpse Rot               Necr/Air       N/A          1%          2    None
 Dispel Undead            Necr           #####...     3%          4    None
 Agony                    Necr           #####...     10%         5    None
 Excruciating Wounds      Chrm/Necr      #####.....   17%         5    None
 Death Channel            Necr           #####.....   50%         6    ###....
 Simulacrum               Ice/Necr       #####.....   78%         6    ###....


Dungeon Overview and Level Annotations

Branches:
Dungeon (10/15)            Temple (0/1) D:5             Orc (0/2) D:9
   Lair: D:8-11

Altars:
Ashenzari
Dithmenos
Hepliaklqana
Kikubaaqudgha
Makhleb
Okawaru
Qazlal
Ru
Sif Muna
Trog
Uskayaw
Vehumet
Wu Jian
Yredelemnul

Shops:
D:9 =

Annotations:
D:2 1 exclusion
D:3 3 exclusions
D:6 1 exclusion


Message History

The killer bee barely misses you. The killer bee stings you.
* * * LOW HITPOINT WARNING * * *
The killer bee closely misses you.
The killer bee stings you but does no damage.
The killer bee closely misses you.
You are very lightly contaminated with residual magic.
Unknown command.
Casting: Airstrike (safe; 1% risk of failure)
Confirm with . or Enter, or press ? or * to list all spells.
You feel quick. The killer bee closely misses you. x4
The killer bee stings you!
* * * LOW HITPOINT WARNING * * *
You hear an angry buzzing noise.
Unknown command.
Unknown command.
The killer bee misses you. The killer bee completely misses you.
The killer bee stings you!
You die...
Kikubaaqudgha rasps: "You have failed me!
Welcome... death!"

#.# #.# #.##.......# #.# #.#
#.##.......# #.####.#
#(##.......# #......#
#.##.......# . #......#
#..........###. #......#
#.............. #......#
#.##.......(#.†† #......#
#.##........#.†##
#..........##.(.@...y#...#
#..........##....y...#...###
#..........##........#.y...#
#.......... #..####y.#.....
#.......... #..# #..#...#
#......... #..# #..#...#
......... #..# #..†.y.# ...#
#......# ##.. #......#


You could see a queen bee (drained) and 2 killer bees.

Vanquished Creatures
  A two-headed ogre (D:9)
  Nergalle (D:10)
  A cyclops (D:10)
  A moth of wrath (D:8)
  3 trolls (D:9)
  2 slime creatures (D:6)
  Prince Ribbit (D:6)
  A hippogriff (D:10)
  Sigmund (D:5)
  A wraith (D:9)
  A steam dragon (D:8)
  7 orc warriors
  An ice beast (D:8)
  9 ogres
  A sky beast (D:7)
  4 phantoms
  5 centaurs
  2 bullfrogs (D:9)
  4 big kobolds
  A gnoll sergeant (D:7)
  4 scorpions
  A water moccasin skeleton (D:7)
  3 wights (D:6)
  13 killer bees
  A howler monkey (D:6)
  A crimson imp (D:7)
  7 hounds
  A bullfrog zombie (D:9)
  A centaur zombie (D:9)
  Crazy Yiuf (D:3)
  9 orc priests
  8 jellies
  2 bullfrog skeletons
  2 centaur skeletons
  2 iguanas
  7 worker ants
  11 orc wizards
  A killer bee zombie (D:7)
  A howler monkey skeleton (D:7)
  13 adders
  12 gnolls
  4 shadow imps
  8 oozes
  An adder skeleton (D:6)
  9 worms
  4 leopard geckos
  36 orcs
  7 bats
  6 giant cockroaches
  8 hobgoblins
  8 jackals
  6 quokkas
  2 ball pythons
  5 frilled lizards
  10 goblins
  2 jackal skeletons
  12 kobolds
  A leopard gecko skeleton (D:4)
  2 leopard gecko zombies
  12 rats
292 creatures vanquished.

Vanquished Creatures (others)
  7 fungi (D:6)
  9 toadstools (D:6)
16 creatures vanquished.

Grand Total: 308 creatures vanquished

Notes
Turn   | Place    | Note
-------+----------+-------------------------------------------
     0 | D:1      | protoss039 the Deep Elf Air Elementalist began the quest
                  | for the Orb.
     0 | D:1      | Reached XP level 1. HP: 10/10 MP: 6/6
   400 | D:1      | Reached XP level 2. HP: 15/15 MP: 6/8
  1229 | D:2      | Learned a level 2 spell: Swiftness
  1282 | D:2      | Reached XP level 3. HP: 19/19 MP: 7/10
  1456 | D:2      | Reached skill level 4 in Spellcasting
  1456 | D:2      | Reached XP level 4. HP: 11/24 MP: 1/12
  1468 | D:2      | Learned a level 3 spell: Static Discharge
  2345 | D:3      | Found a shattered altar of Ashenzari.
  2373 | D:3      | Learned a level 4 spell: Airstrike
  2490 | D:3      | Reached XP level 5. HP: 17/28 MP: 7/14
  2504 | D:3      | HP: 1/28 [something/magic dart (7)]
  2511 | D:3      | Reached skill level 5 in Spellcasting
  3004 | D:3      | Found a hazy altar of Hepliaklqana.
  3006 | D:3      | Found a shadowy altar of Dithmenos.
  3006 | D:3      | Noticed a shadow
  3115 | D:3      | Found a basalt altar of Yredelemnul.
  3115 | D:3      | Found an ancient bone altar of Kikubaaqudgha.
  3122 | D:3      | Found a burning altar of Makhleb.
  3124 | D:3      | Became a worshipper of Kikubaaqudgha
  3126 | D:3      | Found a radiant altar of Vehumet.
  3185 | D:3      | Found a runed translucent door.
  3186 | D:3      | Noticed Crazy Yiuf
  3528 | D:3      | Killed Crazy Yiuf
  3528 | D:3      | Reached skill level 5 in Air Magic
  3528 | D:3      | Reached XP level 6. HP: 21/32 MP: 1/16
  3667 | D:4      | Reached skill level 1 in Charms
  4117 | D:4      | Found an iron altar of Okawaru.
  4335 | D:4      | Reached skill level 6 in Spellcasting
  4470 | D:4      | Reached XP level 7. HP: 36/36 MP: 5/18
  5049 | D:4      | Learned a level 5 spell: Lightning Bolt
  5050 | D:5      | Entered Level 5 of the Dungeon
  5214 | D:5      | Found a staircase to the Ecumenical Temple.
  5242 | D:5      | Found a sacrificial altar of Ru.
  5255 | D:5      | Reached * piety under Kikubaaqudgha
  5255 | D:5      | Identified Kikubaaqudgha's Handbook of Evil (Kikubaaqudgha
                  | gifted it to you on level 5 of the Dungeon)
  5255 | D:5      | Received a gift from Kikubaaqudgha
  5255 | D:5      | Reached skill level 7 in Spellcasting
  5382 | D:5      | Noticed Sigmund
  5434 | D:5      | Killed Sigmund
  5563 | D:5      | Found a shimmering blue altar of Sif Muna.
  5850 | D:5      | Learned a level 2 spell: Sublimation of Blood
  5854 | D:5      | Learned a level 3 spell: Vampiric Draining
  5873 | D:5      | Found an ornate altar of the Wu Jian Council.
  5886 | D:5      | Reached skill level 8 in Spellcasting
  5886 | D:5      | Reached XP level 8. HP: 41/41 MP: 4/22
  6053 | D:5      | Found a hide-covered altar of Uskayaw.
  6726 | D:6      | Identified the ring of Celuamurgh {rF+ Dex+2}
  6729 | D:6      | Reached skill level 9 in Spellcasting
  6985 | D:6      | Noticed Prince Ribbit
  6988 | D:6      | Killed Prince Ribbit
  7413 | D:6      | Reached skill level 10 in Spellcasting
  7728 | D:6      | Reached ** piety under Kikubaaqudgha
  7866 | D:6      | Reached XP level 9. HP: 45/45 MP: 13/25
  8529 | D:6      | Reached skill level 11 in Spellcasting
  9512 | D:7      | Reached skill level 12 in Spellcasting
 10281 | D:7      | Reached *** piety under Kikubaaqudgha
 10281 | D:7      | Identified Kikubaaqudgha's Grimoire of Sinister Rituals
                  | (Kikubaaqudgha gifted it to you on level 7 of the Dungeon)
 10281 | D:7      | Received a gift from Kikubaaqudgha
 10282 | D:7      | Reached skill level 1 in Necromancy
 10857 | D:8      | Got an aquamarine-encrusted scale mail
 10928 | D:8      | Reached XP level 10. HP: 50/50 MP: 9/28
 11037 | D:8      | Reached skill level 10 in Air Magic
 11395 | D:8      | Got a pitted bronze ring
 11454 | D:8      | Noticed a moth of wrath
 11457 | D:8      | Found a bloodstained altar of Trog.
 11461 | D:8      | Killed a moth of wrath
 11461 | D:8      | Reached skill level 13 in Spellcasting
 11477 | D:8      | Got an ichor-stained war axe
 11498 | D:8      | Identified the ring of Catezel {Fire rPois MR- Str+3 Int+5}
                  | (You found it on level 8 of the Dungeon)
 11654 | D:8      | Reached skill level 5 in Conjurations
 11745 | D:8      | Found a stormy altar of Qazlal.
 11870 | D:8      | Identified the +3 war axe "Pivof" {pain, Int+4} (You found
                  | it on level 8 of the Dungeon)
 12155 | D:8      | Got an iridescent mace
 12158 | D:8      | Identified the +8 mace "Joenk" {drain, Str+5 Int+2} (You
                  | found it on level 8 of the Dungeon)
 12447 | D:9      | Found Uguih's Jewellery Shop.
 12540 | D:9      | Noticed a two-headed ogre
 12546 | D:9      | Killed a two-headed ogre
 12869 | D:9      | Reached skill level 14 in Spellcasting
 13543 | D:9      | Reached **** piety under Kikubaaqudgha
 13819 | D:9      | Reached XP level 11. HP: 54/54 MP: 22/31
 14065 | D:9      | Found a staircase to the Orcish Mines.
 14124 | D:10     | Entered Level 10 of the Dungeon
 14306 | D:10     | Noticed Nergalle
 14323 | D:10     | Noticed a spectral orc warlord
 14335 | D:10     | Killed Nergalle
 14634 | D:10     | Slain by a killer bee

Illustrated notes

Levels and vault maps discovered:
D:1:      lemuel_arrival_lava_pool, layout_loops_corners
D:2:      layout_basic
D:3:      layout_basic, riverfiend_overflow_shadow_ancestor, minitemple,
          cheibrodos_ashenzari_chains, uniq_crazy_yiuf_cottage
D:4:      layout_loops_cross, kennysheep_little_box, hangedman_decor_growths,
          grunt_ministairs_11, hex_tiny
D:5:      layout_gridville, marbit_many_paths, kennysheep_mini_moat,
          nicolae_ru_great_annihilating_truth, minmay_temple_entry_large_hall,
          first_ration, led_sif_pool, uniq_sigmund
D:6:      cheibrodos_fertilizer, layout_basic, sigmund_army, uniq_prince_ribbit1
D:7:      minmay_polygon_palace, layout_loops_ring
D:8:      layout_basic, grunt_qazlal_clouds, tgw_trog
D:9:      layout_long_grid, david_orc_4, serial_shops, shop
D:10:     layout_long_grid, david_nohive_1, uniq_nergalle

Skill      XL: |  1  2  3  4  5  6  7  8  9 10 11 |
---------------+----------------------------------+-----
Spellcasting   | 4 5 6 8 10 12 14 | 14.7
Conjurations   | 2 3 4 5 |  5.9
Air Magic      | 4 5 6 8 9 11 | 11.7
Charms         | 1 |  1.6
Necromancy     | 1 3 4 |  4.1
Dodging        | |  2.4
Stealth        | |  2.4

Action                   |  1- 3 |  4- 6 |  7- 9 | 10-12 || total
-------------------------+-------+-------+-------+-------++-------
Melee: Short sword       |       |     4 |     2 |       ||     6
       Quarterstaff      |       |       |    13 |       ||    13
       Mace              |       |       |       |    30 ||    30
 Cast: Shock             |    62 |    88 |    46 |     3 ||   199
       Static Discharge  |       |    11 |    22 |     3 ||    36
       Airstrike         |       |    24 |   133 |   127 ||   284
       Swiftness         |       |     1 |       |     2 ||     3
       Lightning Bolt    |       |       |    12 |     7 ||    19
  Use: Scroll            |       |     4 |     3 |       ||     7
       Potion            |       |     1 |       |     2 ||     3
 Stab: Paralysed         |       |       |     2 |       ||     2
  Eat: Chunk             |     1 |    14 |    18 |     8 ||    41
       Ration            |       |       |     2 |     1 ||     3
Armor: Robe              |     4 |     2 |    14 |     4 ||    24
       Steam dragon scal |       |       |       |    28 ||    28
       Skin              |       |       |       |     6 ||     6
Dodge: Dodged            |    11 |    28 |    29 |    49 ||   117
       Rpst.: Long sword |       |       |       |     2 ||     2
